 Dungeon Crawl Stone Soup version 0.29-a0-275-g389c0b56f3 (webtiles) character file.

Game seed: 7801533421047858407

52 Hubjo the Sneak (level 3, 0/26 HPs)
             Began as a Vampire Enchanter on Mar 11, 2022.
             Was an Initiate of Ru.
             Succumbed to an adder's poison
             ... on level 2 of the Dungeon.
             The game lasted 00:01:56 (1118 turns).

Hubjo the Sneak (Vampire Enchanter)                 Turns: 1118, Time: 00:01:57

Health: 0/26       AC:  2    Str:  7    XL:     3   Next: 60%
Magic:  6/6        EV: 12    Int: 19    God:    Ru [......]
Gold:   126        SH:  0    Dex: 14    Spells: 1/6 levels left

rFire   . . .      SeeInvis +   a - +1 dagger
rCold   . . .      Faith    .   (no shield)
rNeg    . . .      Spirit   .   b - +0 robe
rPois   .          Reflect  .   (no helmet)
rElec   .          Harm     .   (no cloak)
rCorr   .          Rampage  .   (no gloves)
Will    .....                   (no boots)
Stlth   +++.......              (no amulet)
HPRegen 0.28/turn               (no ring)
MPRegen 0.10/turn               (no ring)

@: lethally poisoned (0 -> -1), healing quickly, hasted, very quick
A: alive, fangs 3, see invisible, screaming 1, vampiric 2, hooves 1, clever 1,
clumsy 1
a: Exsanguinate, Renounce Religion


You were on level 2 of the Dungeon.
You worshipped Ru.
Ru was noncommittal.
You visited 1 branch of the dungeon, and saw 2 of its levels.

You collected 126 gold pieces.

Inventory:

Hand Weapons
 a - a +1 dagger (weapon)
Armour
 b - a +0 robe (worn)
Potions
 c - 2 potions of invisibility
 f - a potion of heal wounds {unknown}
 g - a potion of resistance {unknown}


   Skills:
 * Level 1.5 Fighting
 + Level 1.6 Short Blades
 + Level 2.5 Dodging
 * Level 5.3 Stealth
 - Level 2.0 Spellcasting
 + Level 4.7 Hexes


You had one spell level left.
You knew the following spells:

 Your Spells              Type           Power      Damage    Failure   Level
a - Tukima's Dance        Hex            20%        N/A       7%          3
b - Ensorcelled Hibernat  Hex/Ice        20%        N/A       10%         2

Your spell library contained the following spells:

 Spells                   Type           Power      Damage    Failure   Level
 Confusing Touch          Hex            20%        N/A       7%          3
 Dazzling Flash           Conj/Hex       20%        N/A       19%         3


Dungeon Overview and Level Annotations

Branches:
Dungeon (2/15)

Altars:
Ru


Innate Abilities, Weirdness & Mutations

Your natural rate of healing is accelerated.
You have razor-sharp teeth.
You have supernaturally acute eyesight. (SInv)
You occasionally shout uncontrollably at your foes.
You are afflicted with vampirism and can become a bat while bloodless.
You have large cloven feet.
Your mind is acute. (Int +2)
You are clumsy. (Dex -2)


Message History

You are too injured to fight recklessly!
You are too injured to fight recklessly!
You are too injured to fight recklessly!
You are too injured to fight recklessly!
You hit the adder.
The adder is lightly wounded.
You feel sick. The adder misses you.
You hit the adder.
The adder is moderately wounded.
You feel sick. The adder bites you.
You are lethally poisoned!
The adder poisons you! The adder misses you.
You barely miss the adder. Your bite misses the adder.
The adder is moderately wounded.
* * * LOW HITPOINT WARNING * * *
You feel sick. The adder barely misses you.
You hit the adder.
The adder is heavily wounded.
* * * LOW HITPOINT WARNING * * *
You feel sick. The adder barely misses you.
It was a potion of haste.
You feel yourself speed up.
* * * LOW HITPOINT WARNING * * *
You feel sick. The adder closely misses you.
You hit the adder.
The adder is severely wounded.
* * * LOW HITPOINT WARNING * * *
You feel sick. The adder closely misses you.
You hit the adder.
You kill the adder!
* * * LOW HITPOINT WARNING * * *
You feel sick.
* * * LOW HITPOINT WARNING * * *
You feel sick.
You see here a +6 ring of intelligence.
Found a bubbling pink potion.
* * * LOW HITPOINT WARNING * * *
You feel sick.
It was a potion of mutation.
You feel extremely strange.
You feel clumsy.
Your feet thicken and deform.
You feel clever.
You die...

#####......##
............#
###########.#
#.# #.# #.#
#.#
#.########
#....=@.<#
##.........#
#.#####.###
#.# !# #.# #
#.# #.# #.#


There were no monsters in sight!

Vanquished Creatures
  2 adders (D:2)
  3 endoplasms
  6 goblins
  A hobgoblin (D:1)
  8 jackals
  2 quokkas (D:2)
  2 ball pythons (D:1)
  2 bats (D:2)
  A kobold (D:2)
  2 rats
29 creatures vanquished.

Notes
Turn   | Place    | Note
-------+----------+-------------------------------------------
     0 | D:1      | Hubjo the Vampire Enchanter began the quest for the Orb.
     0 | D:1      | Reached XP level 1. HP: 13/13 MP: 3/3
   145 | D:1      | Reached XP level 2. HP: 12/20 MP: 5/5
   448 | D:1      | Found a faded altar of an unknown god.
   478 | D:1      | Reached skill level 1 in Fighting
   486 | D:1      | Prayed at the altar of an unknown god.
   486 | D:1      | Became a worshipper of Ru the Awakened
   499 | D:1      | Gained mutation: You occasionally shout uncontrollably at
                  | your foes. [Ru sacrifice]
   817 | D:2      | Reached skill level 5 in Stealth
   962 | D:2      | Gained mutation: You are afflicted with vampirism and can
                  | become a bat while bloodless. [Vampire growth]
   962 | D:2      | Reached XP level 3. HP: 21/26 MP: 6/6
   978 | D:2      | Learned a level 3 spell: Tukima's Dance
   981 | D:2      | Learned a level 2 spell: Ensorcelled Hibernation
  1115 | D:2      | HP: 1/26 [poisoned by an adder]
  1118 | D:2      | Gained mutation: You are clumsy. (Dex -2) [potion of
                  | mutation]
  1118 | D:2      | Gained mutation: You have large cloven feet. [potion of
                  | mutation]
  1118 | D:2      | Gained mutation: Your mind is acute. (Int +2) [potion of
                  | mutation]
  1118 | D:2      | Succumbed to an adder's poison

Illustrated notes

Levels and vault maps discovered:
D:1:      tarquinn_simple_flora_water_e, layout_loops_cross,
          basic_ecumenical_altar, serial_park_tiny_2
D:2:      layout_basic, uniq_sigmund

Skill      XL: |  1  2 |
---------------+-------+-----
Fighting       | 1 |  1.5
Stealth        | 5 |  5.3
Short Blades   | |  1.6
Dodging        | |  2.5
Spellcasting   | |  2.0
Hexes          | |  4.7

Action                   || total
-------------------------++-------
Melee: Dagger            ||    88
       Bite              ||     4
Invok: Sacrifice Purity  ||     1
  Use: Potion            ||     2
 Stab: Sleeping          ||    10
Armor: Robe              ||     7
Dodge: Dodged            ||    52

Table legend: (Time is in decaauts)
 A = Elapsed time spent in this place.
 B = Non-inter-level travel time spent in this place.
 C = Inter-level travel time spent in this place.
 D = Time resting spent in this place.
 E = Time spent auto-exploring this place.
 F = Levels seen in this place.
 G = Mean time per level.
                   A        B        C        D        E       F      G
               +--------+--------+--------+--------+--------+-----+--------+
         Total |   1109 |   1016 |     93 |      0 |    809 |   2 |  554.5 |
       Dungeon |   1109 |   1016 |     93 |      0 |    809 |   2 |  554.5 |
               +--------+--------+--------+--------+--------+-----+--------+

Top non-repeatable levels by time:
     D:1: 736 daAuts
     D:2: 373 daAuts
